 Dungeon Crawl Stone Soup version 0.27-a0-1177-g245c70e1c0 (webtiles) character file.

Game seed: 13262993645407010823

41 dio423 the Skirmisher (level 3, -9/29 HPs)
             Began as a Demonspawn Abyssal Knight on May 16, 2021.
             Was a Believer of Lugonu.
             Killed by an exploding orc (19 damage)
             ... ignited by their inner flame
             ... on level 4 of the Dungeon.
             The game lasted 00:06:26 (1861 turns).

dio423 the Skirmisher (Demonspawn Abyssal Knight)   Turns: 1861, Time: 00:06:28

Health: -9/29      AC:  5    Str: 13      XL:     3   Next: 32%
Magic:  4/4        EV: 10    Int: 12 (13) God:    Lugonu [**....]
Gold:   211        SH:  0    Dex: 12      Spells: 2/2 levels left

rFire    + . .     SeeInvis +   a - +1 falchion
rCold    + . .     Faith    +   (no shield)
rNeg     . . .     Spirit   .   b - +0 ring mail
rPois    +         Reflect  .   (helmet restricted)
rElec    +         Harm     .   (no cloak)
rCorr    +         Rampage  .   (no gloves)
Will     .....                  (no boots)
Stlth    +.........             h - amulet of faith
HPRegen  1.09/turn              k - ring of see invisible
MPRegen  0.09/turn              (no ring)

@: mighty, resistant
A: horns 1, powered by death 1, deterioration 1
a: Renounce Religion, Depart the Abyss, Bend Space


You were on level 4 of the Dungeon.
You worshipped Lugonu.
Lugonu was pleased with you.
You visited 1 branch of the dungeon, and saw 3 of its levels.
You visited the Abyss 1 time.

You collected 211 gold pieces.

Inventory:

Hand Weapons
 a - a +1 falchion (weapon)
Missiles
 g - 2 curare-tipped darts
Armour
 b - a +0 ring mail (worn)
 e - a +0 helmet
Jewellery
 h - an amulet of faith (around neck)
 k - a ring of see invisible (left hand)
Scrolls
 m - a scroll of identify
Potions
 c - a potion of flight


   Skills:
 - Level 3.3 Fighting
 + Level 2.4 Long Blades
 * Level 2.3 Armour
 + Level 1.2 Dodging
 + Level 2.5 Invocations


You had 2 spell levels left.
You didn't know any spells.
Your spell library contained the following spells:

 Spells                   Type           Power      Damage    Failure   Level
 Beastly Appendage        Tmut           0%         N/A       56%         1
 Wereblood                Tmut           0%         N/A       71%         2
 Spider Form              Tmut/Pois      0%         N/A       91%         3
 Ice Form                 Ice/Tmut       0%         N/A       100%        4
 Hydra Form               Tmut           0%         N/A       100%        5


Dungeon Overview and Level Annotations

Branches:
Dungeon (2/15)

Altars:
Uskayaw

Annotations:
D:4 Menkaure


Innate Abilities, Weirdness & Mutations

You have a pair of small horns on your head.
You regenerate a little health from kills.
Your body sometimes deteriorates upon taking damage.


Message History

The orc throws a boomerang.
The boomerang hits you. The orc hits you but does no damage.
The orc barely misses you.
As you read the scroll labelled LONKOI WOCK, it crumbles to dust.
It is a scroll of amnesia.
You feel forgetful for a moment. The orc closely misses you.
You riposte.
You slash the orc!
You kill the orc!
Lugonu accepts your kill.
You can now bend space around yourself.
The orc closely misses you.
You riposte.
You hit the orc.
The orc is lightly wounded.
You feel better. The orc hits you with a +0 club. Menkaure barely misses you.
You riposte.
You hit Menkaure.
You headbutt Menkaure, but do no damage.
Menkaure is lightly damaged.
The orc hits you with a +0 short sword.
It was a potion of resistance.
You feel protected. Menkaure barely misses you.
You riposte.
You completely miss Menkaure.
Menkaure is lightly damaged.
The orc closely misses you. The orc hits you but does no damage.
The orc hits you with a +0 short sword.
It was a potion of might.
You feel very mighty all of a sudden. Menkaure hits you!
The orc barely misses you.
You riposte.
You closely miss the orc. The orc hits you but does no damage.
The orc hits you with a +0 short sword.
As you read the scroll labelled FIPOFU FIHUPU, it crumbles to dust.
The creatures around you are filled with an inner flame!
It was a scroll of immolation.
Menkaure misses you.
You riposte.
You hit Menkaure.
Flame seeps out of Menkaure.
Menkaure is lightly damaged.
The orc hits you but does no damage. The orc barely misses you.
You riposte.
You hit the orc.
Flame seeps out of the orc.
You headbutt the orc. Lugonu accepts your kill.
The orc explodes!
The fiery explosion engulfs the orc!!!
Lugonu accepts your kill. The fiery explosion engulfs you!! You resist.
Ouch! That really hurt!
You die...

##########.........##...#.
####.............
...###...........
.....####........
.......##.#......
........#.#......
#...............
#...gM§o§....#..
#.....@○§....# .
##.....#§...#..#
#....##....# .# #..##
#...... . ### ........
#....... ....


You could see Menkaure (fast, inner flame), an orc (inner flame) and a hobgoblin
(inner flame).

Vanquished Creatures
  A dart slug (D:1)
  3 orcs (D:4)
  4 bats (D:1)
  2 endoplasms
  A giant cockroach (D:1)
  4 hobgoblins (D:1)
  3 jackals (D:2)
  2 quokkas (D:2)
  2 ball pythons (D:1)
  3 frilled lizards
  4 goblins (D:1)
  A kobold (D:1)
  6 rats (D:1)
36 creatures vanquished.

Notes
Turn   | Place    | Note
-------+----------+-------------------------------------------
     0 | Abyss:1  | dio423 the Demonspawn Abyssal Knight began the quest for
                  | the Orb.
     0 | Abyss:1  | Reached XP level 1. HP: 18/18 MP: 2/2
   219 | Abyss:3  | Noticed a revenant
   230 | Abyss:3  | Noticed an iron imp
   243 | Abyss:3  | Noticed a neqoxec
   250 | Abyss:3  | Noticed an ancient zyme
   259 | Abyss:3  | Noticed an orange demon
   262 | Abyss:3  | Noticed a wraith
   266 | Abyss:3  | Gained mutation: Your body sometimes deteriorates upon
                  | taking damage. [a neqoxec]
   267 | D:1      | Escaped the Abyss
   447 | D:1      | Reached * piety under Lugonu
   615 | D:1      | Reached skill level 1 in Dodging
   636 | D:1      | Gained mutation: You regenerate a little health from kills.
                  | [demonic ancestry]
   636 | D:1      | Reached XP level 2. HP: 23/24 MP: 3/3
  1470 | D:1      | Gained mutation: You have a pair of small horns on your
                  | head. [demonic ancestry]
  1470 | D:1      | Reached XP level 3. HP: 27/29 MP: 4/4
  1727 | D:2      | You fall into a shaft and drop 2 floors!
  1777 | D:4      | Found a hide-covered altar of Uskayaw.
  1852 | D:4      | Noticed Menkaure
  1857 | D:4      | Reached ** piety under Lugonu
  1861 | D:4      | Killed by an exploding orc... ignited by their inner flame

Illustrated notes

Levels and vault maps discovered:
D:1:      lightli_arrival_boilingwater, layout_basic
D:2:      layout_loops_ring, basic_altar, minmay_pentomino_pile
D:4:      kennysheep_spiral_hall, layout_cave_pools, amcnicky_altar_gilded,
          serial_shops, shop_fountains, minmay_misc_feat_alley, uniq_menkaure

Skill      XL: |  1  2 |
---------------+-------+-----
Long Blades    | 2 |  2.4
Dodging        | 1 |  1.2
Armour         | 2 |  2.3
Fighting       | |  3.3
Invocations    | |  2.5

Action                   || total
-------------------------++-------
Melee: Falchion          ||    90
       Headbutt          ||     4
Invok: Depart the Abyss  ||     1
  Use: Scroll            ||     4
       Potion            ||     4
Armor: Leather armour    ||    20
       Ring mail         ||    35
Dodge: Dodged            ||   101
       Rpst.: Falchion   ||    36

Table legend: (Time is in decaauts)
 A = Elapsed time spent in this place.
 B = Non-inter-level travel time spent in this place.
 C = Inter-level travel time spent in this place.
 D = Time resting spent in this place.
 E = Time spent auto-exploring this place.
 F = Levels seen in this place.
 G = Mean time per level.
                   A        B        C        D        E       F      G
               +--------+--------+--------+--------+--------+-----+--------+
         Total |   1883 |   1883 |      0 |      0 |   1198 |   6 |  313.8 |
       Dungeon |   1617 |   1617 |      0 |      0 |   1110 |   3 |  539.0 |
         Abyss |    266 |    266 |      0 |      0 |     88 |   3 |   88.7 |
               +--------+--------+--------+--------+--------+-----+--------+

Top non-repeatable levels by time:
     D:1: 1383 daAuts
     D:4: 134 daAuts
 Abyss:1: 124 daAuts
 Abyss:3: 113 daAuts
     D:2: 99 daAuts
 Abyss:2: 28 daAuts
